 Dungeon Crawl Stone Soup version 0.16.1-4-g8e1b745 (webtiles) character file.

733 ventricule the Bolt Thrower (level 7, -9/43 HPs)
             Began as an Octopode Arcane Marksman on Mar 27, 2015.
             Splashed by a jelly's acid (11 damage)
             ... on level 5 of the Dungeon.
             The game lasted 00:21:36 (8735 turns).

ventricule the Bolt Thrower (OpAM)                  Turns: 8735, Time: 00:21:36

Health: -9/43      AC: -4    Str: 14    XL:     7   Next: 74%
Magic:  13/13      EV: 11    Int: 19    God:
Gold:   231        SH:  3    Dex: 12    Spells: 4 memorised, 1 level left

rFire  . . .     SeeInvis .     a - +0 mace of the Four Curses {venom, rElec Str+4 Int+2}
rCold  . . .     Clarity  .     H - +0 buckler
rNeg   + . .     SustAb   .     (helmet restricted)
rPois  .         Gourm    .     z - amulet of warding
rElec  +         Spirit   .     (no ring)
rCorr  .         Warding  +     w - ring of wizardry
rMut   .         Stasis   .     (no ring)
MR     .....                    (no ring)
Stlth  ++........               (no ring)
                                (no ring)
                                (no ring)
                                (no ring)

@: corroded equipment, not resistant to hostile enchantments, unstealthy
A: almost no armour, amphibious, 8 rings, constrict 8, camouflage 1, gelatinous
body 1
a: no special abilities


You were on level 5 of the Dungeon.
You were very hungry.

You visited 1 branch of the dungeon, and saw 5 of its levels.
You also visited: Sewer.

You collected 231 gold pieces.

Inventory:

Hand weapons
 a - the +0 mace of the Four Curses (weapon) {venom, rElec Str+4 Int+2}
   (You found it on level 4 of the Dungeon)

   It poisons the flesh of those it strikes.
   It affects your strength (+4).
   It affects your intelligence (+2).
   It insulates you from electricity.
 b - a +1 hand crossbow
Missiles
 c - 17 bolts
Armour
 H - a +0 buckler (worn)
Jewellery
 u - an uncursed ring of loudness
 w - a ring of wizardry (right tentacle)
 z - an amulet of warding (around mantle)
Magical devices
 E - a wand of flame (28)
Scrolls
 g - 2 scrolls of enchant weapon
 h - 2 scrolls of magic mapping
 i - a scroll of random uselessness
 j - 7 scrolls of teleportation
 t - a scroll of blinking
 v - a scroll of fog
 y - 3 scrolls of recharging
 G - a scroll of immolation {unknown}
Potions
 e - a potion of heal wounds
 k - a potion of flight {unknown}
 l - a potion of magic {unknown}
 m - a potion of agility {unknown}
 n - a potion of degeneration {unknown}
 r - 3 potions of brilliance {unknown}
 s - a potion of ambrosia {unknown}
 x - a potion of might {unknown}
 A - a potion of haste {unknown}
 B - 4 potions of curing
 D - 2 potions of cancellation {unknown}
 F - a potion of mutation {unknown}
Books
 d - a book of Debilitation

   Spells                             Type                      Level
   a - Corona                         Hexes                        1
   b - Slow                           Hexes                        2
   c - Inner Flame                    Hexes/Fire                   3
   d - Enslavement                    Hexes                        4
   e - Cause Fear                     Hexes                        4
   f - Leda's Liquefaction            Hexes/Earth                  4
Comestibles
 f - 4 bread rations
 o - a beef jerky
 p - 5 fruits
 q - a slice of pizza
 C - a meat ration


   Skills:
 - Level 1.0 Fighting
 - Level 7.3 Crossbows
 - Level 2.0 Dodging
 + Level 2.8 Spellcasting
 + Level 4.2 Hexes


You had one spell level left.
You knew the following spells:

 Your Spells              Type           Power        Failure   Level  Hunger
a - Corona                Hex            ###....      2%          1    None
b - Slow                  Hex            ###.....     4%          2    ##.....
c - Inner Flame           Hex/Fire       ##......     16%         3    ###....
d - Cause Fear            Hex            ###.......   26%         4    ####...


Dungeon Overview and Level Annotations

Branches:
Dungeon (5/15)
 Temple: D:4-7

Altars:
Cheibriados
Vehumet

Shops:
D:5 %

Annotations:
D:4 Grinder


Innate Abilities, Weirdness & Mutations

You cannot wear most types of armour.
You are amphibious.
You can wear up to eight rings at the same time.
You can use your tentacles to constrict many enemies at once.
Your skin changes colour to match your surroundings (Stealth).
Your rubbery body absorbs attacks (AC +1).


Message History

The hobgoblin closely misses you.
You hit the hobgoblin. You grab the hobgoblin.
The hobgoblin is moderately wounded.
You constrict the hobgoblin. The hobgoblin hits you.
You completely miss the hobgoblin.
The hobgoblin is almost dead.
You constrict the hobgoblin.
You kill the hobgoblin!
You hear a slurping noise.
The jelly hits you.
You are splashed with acid!
The acid burns!
You hit the jelly!
The jelly is severely wounded.
The jelly hits you.
You are splashed with acid!
The acid burns!
* * * LOW HITPOINT WARNING * * *
You hit the jelly but do no damage.
The jelly is severely wounded.
The jelly hits you.
* * * LOW HITPOINT WARNING * * *
You are splashed with acid!
The acid corrodes your equipment!
The acid burns!
You die...

#### .....
....#################
%...................
......$........###.
......#######.# #.
#J....# ####.# #.
###.###@### #....###.
...........# #........
####.####.######........
##.....##..##...........
#.......#..##.###.......
#.......#..##.# #.......
....._.........#
#.......
#.......#..############.
#.......#....[..#......)


You could see a jelly.

Vanquished Creatures
  3 ogres
  A hound (D:4)
  2 worker ants
  Jessica (D:3)
  Terence (D:2)
  2 hound skeletons
  Robin (D:4)
  4 gnolls (D:2)
  3 river rats
  9 adders
  2 giant mites
  2 worms
  An adder skeleton (D:4)
  6 giant geckos
  An ooze (D:1)
  10 orcs
  A bat skeleton (D:4)
  7 giant cockroaches
  16 goblins
  19 hobgoblins
  8 ball pythons
  16 bats
  8 giant newts
  A giant spore (D:5)
  5 jackals
  9 kobolds
  A quokka (D:2)
  A quokka skeleton (D:4)
  23 rats
  A ballistomycete (D:5)
165 creatures vanquished.

Notes
Turn   | Place    | Note
--------------------------------------------------------------
     0 | D:1      | ventricule, the Octopode Arcane Marksman, began the quest for the Orb.
     0 | D:1      | Reached XP level 1. HP: 13/13 MP: 2/2
   478 | D:1      | Reached XP level 2. HP: 18/18 MP: 3/3
   943 | D:1      | Reached XP level 3. HP: 14/23 MP: 2/4
  2037 | D:2      | Reached skill level 4 in Crossbows
  2226 | D:2      | Learned a level 2 spell: Slow
  2273 | D:2      | Reached XP level 4. HP: 19/28 MP: 5/5
  2806 | D:2      | Noticed Terence
  2883 | D:2      | Killed Terence
  3196 | D:2      | Reached skill level 5 in Crossbows
  3211 | D:2      | Reached XP level 5. HP: 25/33 MP: 7/7
  3615 | D:3      | Noticed an ice beast
  3794 | D:3      | Learned a level 3 spell: Inner Flame
  3945 | D:3      | Found a glowing drain.
  4094 | Sewer    | Entered a sewer
  4210 | Sewer    | Reached skill level 6 in Crossbows
  4446 | Sewer    | Reached XP level 6. HP: 38/38 MP: 8/8
  4966 | D:3      | Noticed Jessica
  4980 | D:3      | Killed Jessica
  5374 | D:4      | Noticed Grinder
  5375 | D:4      | Noticed Robin
  6286 | D:4      | Got a transparent mace
  6287 | D:4      | Identified the cursed +0 mace of the Four Curses {venom, rElec Str+4 Int+2} (You found it on level 4 of the Dungeon)
  6412 | D:4      | Killed Robin
  6987 | D:4      | Reached skill level 7 in Crossbows
  6987 | D:4      | Reached XP level 7. HP: 13/43 MP: 5/9
  7479 | D:4      | Found a snail-covered altar of Cheibriados.
  7648 | D:4      | Learned a level 4 spell: Cause Fear
  7649 | D:5      | Entered Level 5 of the Dungeon
  7671 | D:5      | Found Mudalag's Food Shop.
  8083 | D:5      | Noticed a troll
  8712 | D:5      | Found a radiant altar of Vehumet.
  8735 | D:5      | HP: 2/43 [jelly (2)]
  8735 | D:5      | Splashed by a jelly's acid

Action                   |  1- 3 |  4- 6 |  7- 9 || total
-------------------------+-------+-------+-------++-------
Melee: Unarmed           |   110 |   239 |       ||   349
       Mace              |       |    30 |    55 ||    85
 Fire: Hand crossbow     |     1 |    14 |     5 ||    20
 Cast: Corona            |    13 |    26 |     6 ||    45
       Slow              |       |     8 |    11 ||    19
  Use: Potion            |     1 |       |       ||     1
       Scroll            |       |    11 |       ||    11
 Stab: Sleeping          |     3 |     6 |     1 ||    10
       Distracted        |       |     1 |       ||     1
  Eat: Chunk             |     5 |    14 |     5 ||    24
       Pizza             |       |     1 |       ||     1
       Fruit             |       |       |     1 ||     1
